 Dungeon Crawl Stone Soup version 0.28.0-53-g5a82cb258f (webtiles) character file.

Game seed: 2791127495843930987

142 Lutefisk the Sneak (level 5, -2/33 (36) HPs)
             Began as an Octopode Earth Elementalist on Aug 20, 2022.
             Slain by a hell rat (11 damage)
             ... in a sewer.
             The game lasted 00:10:56 (1805 turns).

Lutefisk the Sneak (Octopode Earth Elementalist)    Turns: 1805, Time: 00:10:58

HP:   -2/33 (36)    AC:  1    Str:  7    XL:     5   Next: 24%
MP:   4/8           EV: 13    Int: 17    God:
Gold: 85            SH:  0    Dex: 15    Spells: 7/8 levels left

rFire   . . .      SeeInvis .   c - +2 whip (freeze)
rCold   . . .      Faith    .   (no shield)
rNeg    . . .      Spirit   .   (helmet restricted)
rPois   .          Reflect  .   (no amulet)
rElec   .          Harm     .   (no ring)
rCorr   .          Rampage  .   (no ring)
Will    .....                   (no ring)
Stlth   +++++.....              (no ring)
HPRegen 0.11/turn               (no ring)
MPRegen 0.11/turn               (no ring)
                                (no ring)
                                (no ring)

@: drained
A: almost no armour, amphibious, 8 rings, camouflage 1, gelatinous body 1,
nimble swimmer 1, tentacles
a: no special abilities


You were in a sewer.
You visited 1 branch of the dungeon, and saw 3 of its levels.
You also visited: Sewer.

You collected 85 gold pieces.

Inventory:

Hand Weapons
 a - a +0 dagger
 c - a +2 whip of freezing (weapon)
 d - a +0 rapier
 k - a +0 hunting sling
Missiles
 b - 166 stones
 e - 9 bolts
 j - 25 sling bullets
Scrolls
 g - a scroll of identify {unknown}
 i - a scroll of blinking {unknown}
Potions
 f - a potion of might {unknown}
 h - a potion of magic {unknown}
 l - a potion of resistance {unknown}
 m - a potion of attraction {unknown}


   Skills:
 * Level 3.3 Fighting
 - Level 2.0 Dodging
 - Level 4.0 Stealth
 - Level 2.0 Spellcasting
 - Level 1.0 Transmutations
 - Level 4.0 Earth Magic


You had 7 spell levels left.
You knew the following spells:

 Your Spells              Type           Power      Damage    Failure   Level
a - Sandblast             Erth           30%        2d9       3%          1

Your spell library contained the following spells:

 Spells                   Type           Power      Damage    Failure   Level
 Passwall                 Tmut/Erth      8%         N/A       11%         2
 Stone Arrow              Conj/Erth      16%        3d8       26%         3
 Call Canine Familiar     Summ           1%         N/A       50%         3
 Portal Projectile        Hex/Tloc       2%         N/A       50%         3
 Petrify                  Tmut/Erth      10%        N/A       56%         4
 Leda's Liquefaction      Hex/Erth       4%         N/A       63%         4
 Olgreb's Toxic Radiance  Pois           1%         N/A       88%         4
 Ozocubu's Refrigeration  Ice            0%         4d5       100%        7
 Ignition                 Fire           0%         3d3       100%        8


Dungeon Overview and Level Annotations

Branches:
Dungeon (3/15)              Sewer (1/1)

Altars:
The Shining One

Annotations:
D:2 Natasha


Innate Abilities, Weirdness & Mutations

You cannot wear most types of armour.
You are amphibious.
You can wear up to eight rings at the same time.
Your skin changes colour to match your surroundings (Stealth+).
Your rubbery body absorbs attacks. (AC +1, EV +1)
You are camouflaged when in or above water. (Stealth+)
You have tentacles for arms and can constrict up to eight enemies at once.


Message History

Found four items.
Found a gate leading back out of this place.
Found three items.
There is an open door here.
Casting: Sandblast (safe; 3% risk of failure)
Confirm with . or Enter, or press ? or * to list all spells.
Aiming: Sandblast (safe; 3% risk of failure)
Press: ? - help, Shift-Dir - straight line, f - hell rat
Aim: a hell rat (79% to hit)
The blast of sand hits the hell rat.
The hell rat is lightly wounded.
The hell rat misses you.
Casting: Sandblast (safe; 3% risk of failure)
Confirm with . or Enter, or press ? or * to list all spells.
Aiming: Sandblast (safe; 3% risk of failure)
Press: ? - help, Shift-Dir - straight line, f/p - hell rat
Aim: a hell rat (lightly wounded, 79% to hit)
The blast of sand hits the hell rat but does no damage.
The hell rat is lightly wounded.
The hell rat bites you.
Casting: Sandblast (safe; 3% risk of failure)
Confirm with . or Enter, or press ? or * to list all spells.
Aiming: Sandblast (safe; 3% risk of failure)
Press: ? - help, Shift-Dir - straight line, f/p - hell rat
Aim: a hell rat (lightly wounded, 79% to hit)
The blast of sand hits the hell rat but does no damage.
The hell rat is lightly wounded.
The hell rat bites you!!
Ouch! That really hurt!
You feel drained.
* * * LOW HITPOINT WARNING * * *
Casting: Sandblast (safe; 3% risk of failure)
Confirm with . or Enter, or press ? or * to list all spells.
Aiming: Sandblast (safe; 3% risk of failure)
Press: ? - help, Shift-Dir - straight line, f/p - hell rat
Aim: a hell rat (lightly wounded, 79% to hit)
The blast of sand misses the hell rat.
The hell rat bites you.
* * * LOW HITPOINT WARNING * * *
You feel drained. The hell rat bites you!
You die...

#########
###.≈≈∩..≈###
###≈≈≈≈†∩≈≈≈≈≈###
#.≈≈.≈#####.≈≈≈.#
##.≈≈###?∩!###≈≈≈##
#≈.≈##≈???!?≈##...#
#≈≈.#..≈≈≈≈≈.≈#≈..#
#≈..##.≈≈r≈≈.##.≈≈#
##..†###≈@≈###≈..##
#.≈..≈##'##.≈≈..#
###...≈≈†.≈≈≈.###
###...≈≈..###
#########


You could see a hell rat.

Vanquished Creatures
  Natasha (D:2)
  Robin (D:2)
  2 adders
  A river rat (Sewer)
  A dart slug (D:3)
  An orc (D:3)
  5 ball pythons
  6 endoplasms
  5 giant cockroaches
  7 hobgoblins
  4 kobolds
  2 quokkas
  7 bats
  5 frilled lizards
  12 goblins
  18 rats
78 creatures vanquished.

Vanquished Creatures (others)
  2 withered plants (D:2)
2 creatures vanquished.

Grand Total: 80 creatures vanquished

Notes
Turn   | Place    | Note
-------+----------+-------------------------------------------
     0 | D:1      | Lutefisk the Octopode Earth Elementalist began the quest
                  | for the Orb.
     0 | D:1      | Reached XP level 1. HP: 11/11 MP: 3/3
   129 | D:1      | Reached skill level 1 in Fighting
   286 | D:1      | Reached XP level 2. HP: 12/18 MP: 3/5
   531 | D:1      | Reached XP level 3. HP: 21/25 MP: 0/6
  1056 | D:2      | Found a glowing golden altar of the Shining One.
  1061 | D:2      | Found a faded altar of an unknown god.
  1126 | D:2      | Noticed Natasha
  1132 | D:2      | Killed Natasha
  1133 | D:2      | Reached XP level 4. HP: 28/30 MP: 3/7
  1246 | D:2      | Noticed Robin
  1266 | D:2      | Noticed Natasha
  1340 | D:2      | Killed Robin
  1659 | D:3      | Found a glowing drain.
  1669 | D:3      | Reached XP level 5. HP: 34/36 MP: 3/8
  1684 | Sewer    | Entered a sewer
  1805 | Sewer    | Slain by a hell rat

Illustrated notes

Levels and vault maps discovered:
D:1:      elethiomel_arrival_diamonds, layout_basic
D:2:      layout_rooms, basic_altar, ebering_ecumenical_altar_petrified,
          uniq_natasha, uniq_robin
D:3:      layout_basic, okawaru_metal_pillars_1_2, gup_sewer_entry_glass
Sewer:    sewer_hellmonk_bad_rat

Skill      XL: |  1  2  3  4  5 |
---------------+----------------+-----
Stealth        | 3 4 |  4.0
Fighting       | 1 2 3 |  3.3
Earth Magic    | 4 |  4.0
Dodging        | |  2.0
Spellcasting   | |  2.0
Transmutations | |  1.0

Action                   |  1- 3 |  4- 6 || total
-------------------------+-------+-------++-------
Melee: Unarmed           |    13 |       ||    13
       Constrict         |     9 |    13 ||    22
       Tentacles         |     4 |     5 ||     9
       Dagger            |    26 |       ||    26
       Punch             |     1 |       ||     1
       Whip              |    10 |    41 ||    51
 Cast: Sandblast         |    28 |    24 ||    52
 Stab: Sleeping          |    14 |     7 ||    21
Armor: Skin              |     7 |     5 ||    12
Dodge: Dodged            |    17 |    26 ||    43
